 Dungeon Crawl Stone Soup version 0.30.1-11-g7821555f0a (webtiles) character file.

Game seed: 9137811231021292806

6356 Joey1 the Severer (level 10, -3/84 HPs)
             Began as a Minotaur Fighter on Dec 6, 2023.
             Was a High Priest of Okawaru.
             Slain by a yak (4 damage)
             ... while paralysed by a hornet
             ... on level 9 of the Dungeon.
             The game lasted 00:21:48 (10253 turns).

Joey1 the Severer (Minotaur Fighter)               Turns: 10253, Time: 00:21:49

Health: -3/84      AC: 11    Str: 25    XL:     10   Next: 65%
Magic:  10/12      EV:  2    Int:  5    God:    Okawaru [*****.]
Gold:   122        SH:  0    Dex: 10    Spells: 9/9 levels left

rFire   . . .        a - +0 war axe
rCold   . . .        K - +0 tower shield
rNeg    . . .        b - +0 scale mail
rPois   .            (helmet restricted)
rElec   .            J - +0 cloak {Will+}
rCorr   +            t - +0 pair of gloves
SInv    .            (no boots)
Will    +....        (no amulet)
Stlth   +            v - ring of resist corrosion
HPRegen 0.34/turn    (no ring)
MPRegen 0.13/turn

%: no passive effects
@: paralysed, lethally poisoned (-3 -> -12), heroic, slowed
A: horns 2, retaliatory headbutt
a: Renounce Religion, Heroism, Finesse, Duel


You were on level 9 of the Dungeon.
You worshipped Okawaru.
Okawaru was extremely pleased with you.
You visited 2 branches of the dungeon, and saw 10 of its levels.

You collected 487 gold pieces.
You spent 365 gold pieces at shops.

Inventory:

Hand Weapons
 a - a +0 war axe (weapon)
 C - a +2 flail of freezing
Missiles
 w - 5 curare-tipped darts (quivered)
Armour
 b - a +0 scale mail (worn)
 c - a +0 buckler
 m - a +1 cloak
 t - a +0 pair of gloves (worn)
 J - a +0 cloak of willpower (worn)
 K - a +0 tower shield (worn)
Jewellery
 v - a ring of resist corrosion (left hand)
 D - a ring of ice
Wands
 B - a wand of iceblast (10)
 E - a wand of quicksilver (20)
 F - a wand of polymorph (6)
 M - a wand of flame (10)
 N - a wand of digging (1)
Scrolls
 h - a scroll of amnesia {unknown}
 k - 5 scrolls of teleportation
 n - a scroll of butterflies {unknown}
 p - 2 scrolls of poison
 q - 2 scrolls of immolation
 r - a scroll of brand weapon {unknown}
 u - 2 scrolls of noise {unknown}
 x - a scroll of enchant armour {unknown}
 y - a scroll of fog {unknown}
 A - 5 scrolls of enchant weapon {unknown}
 H - 4 scrolls of identify
 I - 2 scrolls of blinking {unknown}
Potions
 d - a potion of cancellation {unknown}
 e - a potion of degeneration {unknown}
 f - 2 potions of curing
 g - 3 potions of attraction
 i - 3 potions of mutation
 j - 3 potions of heal wounds {unknown}
 l - 4 potions of brilliance
 o - 3 potions of flight
 s - 2 potions of haste
 z - 3 potions of invisibility {unknown}
 G - 2 potions of lignification {unknown}
 L - a potion of might


   Skills:
 + Level 6.5(11.5) Fighting
 - Level 16.0(21.0) Axes
 - Level 5.0(10.0) Armour
 - Level 3.0(8.0) Dodging
 - Level 6.0(11.0) Shields
 - Level 5.0 Invocations


You had 9 spell levels left.
You didn't know any spells.
Your spell library contained the following spells:

 Spells                   Type           Power      Damage    Failure   Level
 Freeze                   Ice            0%         1d3       98%         1
 Ensorcelled Hibernation  Hex/Ice        0%         N/A       99%         2
 Sublimation of Blood     Necr           0%         N/A       99%         2
 Wereblood                Tmut           0%         N/A       99%         2
 Frozen Ramparts          Ice            0%         1d1       100%        3
 Hailstorm                Conj/Ice       0%         3d3       100%        3
 Spider Form              Tmut/Pois      0%         N/A       100%        3
 Vhi's Electric Charge    Tloc/Air       0%         N/A       100%        3
 Anguish                  Hex/Necr       0%         N/A       100%        4
 Arcjolt                  Conj/Air       0%         1d10      100%        5
 Fireball                 Conj/Fire      0%         3d3       100%        5
 Iskenderun's Battlesphe  Conj           0%         2d6       100%        5
 Conjure Ball Lightning   Conj/Air       0%         3x3d6     100%        6
 Orb of Destruction       Conj           0%         9d5       100%        7
 Maxwell's Capacitive Co  Air            0%         ∞         100%        8
 Summon Hydra             Summ           Unusable   N/A       N/A         7

Dungeon Overview and Level Annotations

Branches:
Dungeon (9/15)             Temple (1/1) D:5
   Lair: D:8-11         Orc: D:9-12

Altars:
Ashenzari
Elyvilon
Gozag
Hepliaklqana
Makhleb
Okawaru
Uskayaw
Xom
Zin
The Shining One

Shops:
D:3 *[


Innate Abilities, Weirdness & Mutations

You have a pair of horns on your head.
You reflexively headbutt those who attack you in melee.


Message History

The hornet stings you but does no damage.
The yak gores you! The hornet stings you!
You feel yourself slow down.
You barely miss the yak. Your headbutt misses the yak.
The yak is heavily wounded.
You closely miss the hornet.
You feel yourself speed up. The yak barely misses you. You furiously retaliate!
You headbutt the yak. The hornet stings you.
You feel yourself slow down.
You completely miss the yak.
The yak is severely wounded.
You hit the hornet. The hornet barely misses you. You furiously retaliate!
You headbutt the hornet. You block the yak's attack. The hornet stings you!
You feel as though you will be slow longer.
The yak barely misses you. You furiously retaliate!
You headbutt the yak, but do no damage. The hornet stings you!
You feel as though you will be slow longer.
You gain the combat prowess of a mighty hero.
You block the hornet's attack. You block the yak's attack.
The hornet closely misses you. You furiously retaliate!
You headbutt the hornet! You closely miss the hornet.
The hornet is almost dead.
You hit the yak. You block the hornet's attack. You block the yak's attack.
The hornet stings you!
* * * LOW HITPOINT WARNING * * *
You feel as though you will be slow longer.
The yak gores you!
* * * LOW HITPOINT WARNING * * *
You feel better. The hornet stings you!
* * * LOW HITPOINT WARNING * * *
You suddenly lose the ability to move!
The hornet stings you.
* * * LOW HITPOINT WARNING * * *
You are lethally poisoned!
You feel as though you will be slow longer.
The yak gores you but does no damage.
* * * LOW HITPOINT WARNING * * *
You feel very sick.
The hornet stings you but does no damage.
The yak gores you.
You die...

#..##..'.._. #...#
#.###..##... ..... ##.#
#...#### .....# #..#
#......# ...... #.##
###....# ......#
#.######....# ......?
#.....##....#
......y#####.....##....#
......Y@.........##....#
......###........##....#
....# #........##....#
..# #....#.######.## #
#....#..# .# #....##.#
#....# .. .....# #.#


You could see a yak and a hornet.

Vanquished Creatures
  Pikel (D:5)
  2 manticores
  Maggie (D:8)
  A troll (D:6)
  A hornet (D:7)
  A shadow (D:9)
  4 yaks
  2 wyverns
  A steam dragon (D:8)
  An acid dragon (D:9)
  2 black bears
  4 ice beasts (D:6)
  2 orc warriors
  An ogre (D:5)
  3 centaurs
  2 lemures (D:5)
  2 phantoms
  5 bullfrogs
  A kobold brigand (D:8)
  3 scorpions
  13 wights
  5 orc priests
  7 hounds
  A gnoll bouda (D:6)
  A jelly (D:8)
  5 orc wizards
  5 gnolls
  7 adders
  A shadow imp (D:7)
  A white imp (D:5)
  A worm (D:2)
  2 dart slugs
  14 orcs
  2 endoplasms
  3 giant cockroaches
  3 goblins
  6 hobgoblins
  6 quokkas
  11 ball pythons
  7 bats
  5 frilled lizards
  7 kobolds
  6 rats
159 creatures vanquished.

Notes
Turn   | Place    | Note
-------+----------+-------------------------------------------
     0 | D:1      | Joey1 the Minotaur Fighter began the quest for the Orb.
     0 | D:1      | Reached XP level 1. HP: 19/19 MP: 0/0
   245 | D:1      | Reached XP level 2. HP: 22/27 MP: 1/1
   552 | D:1      | Reached skill level 3 in Axes
   860 | D:2      | Reached skill level 1 in Dodging
  1074 | D:2      | Reached XP level 3. HP: 33/33 MP: 2/2
  1875 | D:3      | Found Meoklink's Assorted Antiques.
  1878 | D:3      | Found Ivonwori's Antique Armour Shoppe.
  1880 | D:3      | Bought a scroll labelled AHAKADO ZULO for 26 gold pieces
  1880 | D:3      | Bought a metallic ruby potion for 23 gold pieces
  1880 | D:3      | Bought a scroll labelled PUSTUOV XANWYCK for 26 gold pieces
  1880 | D:3      | Bought a scroll labelled GIPEN WUOMEO for 26 gold pieces
  1891 | D:3      | Reached XP level 4. HP: 39/40 MP: 3/3
  2253 | D:4      | Noticed a black bear
  2307 | D:4      | Reached skill level 4 in Axes
  2373 | D:4      | Noticed a scorpion
  2378 | D:4      | Killed a scorpion
  2379 | D:4      | Reached XP level 5. HP: 45/47 MP: 4/4
  3035 | D:4      | Reached skill level 5 in Axes
  3042 | D:4      | Reached skill level 5 in Fighting
  3045 | D:4      | Reached XP level 6. HP: 52/56 MP: 5/5
  3240 | D:5      | Entered Level 5 of the Dungeon
  3257 | D:5      | Reached skill level 5 in Shields
  3296 | D:5      | Reached skill level 6 in Axes
  3338 | D:5      | Found a staircase to the Ecumenical Temple.
  3349 | Temple   | Entered the Ecumenical Temple
  3376 | Temple   | Became a worshipper of Warmaster Okawaru
  3436 | D:5      | Reached skill level 7 in Axes
  3498 | D:5      | Noticed Pikel
  3555 | D:4      | Reached * piety under Okawaru
  3556 | D:4      | Reached XP level 7. HP: 34/61 MP: 6/6
  3767 | D:6      | Reached skill level 8 in Axes
  3860 | D:6      | Reached skill level 9 in Axes
  4020 | D:6      | Reached XP level 8. HP: 51/68 MP: 7/7
  4088 | D:6      | Reached skill level 10 in Axes
  4191 | D:6      | Reached ** piety under Okawaru
  4268 | D:6      | Reached skill level 1 in Invocations
  4494 | D:6      | Noticed a troll
  4505 | D:6      | Killed a troll
  4506 | D:6      | Reached skill level 11 in Axes
  4782 | D:6      | Found a glowing golden altar of the Shining One.
  5139 | D:5      | Killed Pikel
  5139 | D:5      | Reached *** piety under Okawaru
  5140 | D:5      | Reached skill level 12 in Axes
  5140 | D:5      | Reached XP level 9. HP: 18/74 MP: 10/10
  6138 | D:7      | Found a hide-covered altar of Uskayaw.
  6165 | D:7      | Reached skill level 13 in Axes
  6467 | D:7      | Reached skill level 5 in Invocations
  6900 | D:7      | Paralysed by a hornet for 1 turns
  6904 | D:7      | Paralysed by a hornet for 1 turns
  6906 | D:7      | Reached **** piety under Okawaru
  6907 | D:7      | Reached skill level 14 in Axes
  7344 | D:7      | Noticed a manticore
  7686 | D:8      | Found a broken altar of Ashenzari.
  7764 | D:8      | Found a white marble altar of Elyvilon.
  7898 | D:8      | Noticed a manticore
  7905 | D:8      | Killed a manticore
  7906 | D:8      | Reached skill level 15 in Axes
  7906 | D:8      | Reached XP level 10. HP: 48/81 MP: 12/12
  8113 | D:8      | Noticed Maggie
  8170 | D:8      | HP: 1/81 [Maggie/bolt of fire (26)]
  8175 | D:8      | Killed Maggie
  8434 | D:8      | Reached ***** piety under Okawaru
  8990 | D:9      | Reached skill level 16 in Axes
  9075 | D:3      | Bought an embroidered cloak for 165 gold pieces
  9075 | D:3      | Bought a tower shield for 99 gold pieces
  9227 | D:7      | Killed a manticore
 10116 | D:9      | Reached skill level 5 in Armour
 10169 | D:9      | Found a glowing silver altar of Zin.
 10213 | D:9      | Found an opulent altar of Gozag.
 10252 | D:9      | Paralysed by a hornet for 3 turns
 10252 | D:9      | HP: 3/84 [hornet (3)]
 10253 | D:9      | HP: 1/84 [poisoned by a hornet]
 10253 | D:9      | Slain by a yak

Illustrated notes

Levels and vault maps discovered:
D:1:      minmay_arrival_semitransparent, layout_basic, minmay_hedge_maze,
          chequers_serial_rivers_room_a, minmay_pentomino_t2
D:2:      layout_loops_ring
D:3:      layout_basic, serial_shops, shop, nicolae_square_shop,
          minmay_stone_trees_medium, kennysheep_generic_room_9
D:4:      corexii_shack_village, layout_basic, cheibrodos_gnoll_hut
D:5:      layout_rooms, minmay_temple_entry_statues_fountains,
          hangedman_abyss_or_decor_passed, uniq_pikel
D:6:      black_bear_nest_1, layout_loops_ring,
          mainiacjoe_overflow_concentric_impassable
D:7:      layout_layer_cave, nicolae_uskayaw_suspiria, lemuel_flame_loot_1
D:8:      layout_basic, mainiacjoe_overflow_small_starburst,
          cheibrodos_ashenzari_chains, uniq_maggie
D:9:      minmay_skewed_foursquare, layout_basic,
          pdpol_temple_overflow_zin_treasury_gozag_greed,
          overflow_temple_1_default, lemuel_crystal_altar
Temple:   cyrus_temple_forest

Skill      XL: |  1  2  3  4  5  6  7  8  9 10 |
---------------+-------------------------------+-----
Axes           | 3 4 5 7 9 12 15 16 | 16.0
Dodging        | 1 2 3 |  3.0
Shields        | 4 5 6 |  6.0
Fighting       | 4 5 6 |  6.5
Invocations    | 3 5 |  5.0
Armour         | 5 |  5.0

Action                     |  1- 3 |  4- 6 |  7- 9 | 10-12 || total
---------------------------+-------+-------+-------+-------++-------
  Melee: War axe           |    83 |    92 |   240 |    86 ||   501
         Headbutt          |    11 |    10 |    53 |    14 ||    88
  Throw: Dart              |       |     1 |     1 |       ||     2
 Invoke: Heroism           |       |       |       |     2 ||     2
    Use: Scroll            |       |       |     9 |       ||     9
         Potion            |       |       |     4 |     5 ||     9
 Armour: Scale mail        |    39 |    56 |    87 |    29 ||   211
  Dodge: Dodged            |    39 |    49 |   101 |    37 ||   226
  Block: Buckler           |    18 |    20 |    55 |     8 ||   101
         Tower shield      |       |       |       |    40 ||    40
